 Dungeon Crawl Stone Soup version 0.31.0-32-g396128a36d (webtiles) character file.

Game seed: 9701524053596593193

5367 PaiMei the Merchant of Misery (level 10, -4/79 HPs)
             Began as a Demonspawn Necromancer on Apr 25, 2024.
             Was a Believer of Kikubaaqudgha.
             Hit by a javelin thrown by a centaur (12 damage)
             ... in a bailey.
             The game lasted 00:14:06 (9968 turns).

PaiMei the Merchant of Misery (DsNe)                Turns: 9968, Time: 00:14:07

Health: -4/79      AC:  6    Str:  8    XL:     10   Next: 39%
Magic:  11/30      EV: 14    Int: 19    God:    Kikubaaqudgha [**....]
Gold:   518        SH:  4    Dex: 15    Spells: 8/23 levels left

rFire   . . .        s - +4 whip (pain)
rCold   . . .        E - +0 buckler
rNeg    + . .        x - +1 leather armour {rN+}
rPois   .            t - +0 helmet
rElec   .            (no cloak)
rCorr   .            (no gloves)
SInv    .            c - +0 pair of boots
Will    .....        (no amulet)
Stlth   ++           i - +4 ring of slaying
HPRegen 0.33/turn    p - ring of magical power
MPRegen 0.22/turn

%: no passive effects
@: studying 2 skills
A: hooves 2, spiny 1, weakness stinger 1, demonic touch 2
a: Renounce Religion, Unearth Wretches


You were in a bailey.
You worshipped Kikubaaqudgha.
Kikubaaqudgha was pleased with you.
You visited 2 branches of the dungeon, and saw 10 of its levels.
You also visited: Bailey.

You collected 518 gold pieces.

Inventory:

Hand Weapons
 m - a +2 spear of flaming
 s - a +4 whip of pain (weapon)
 z - a +1 spear of venom
 G - a +3 orcbow of electrocution
Armour
 c - a +0 pair of boots (worn)
 t - a +0 helmet (worn)
 x - a +1 leather armour of positive energy (worn)
 E - a +0 buckler (worn)
 I - a +0 kite shield
Jewellery
 i - a +4 ring of slaying (left hand)
 p - a ring of magical power (right hand)
 A - a +5 ring of evasion
 B - a ring of resist corrosion
Wands
 w - a wand of flame (19)
 y - a wand of polymorph (7)
 J - a wand of light (13)
Scrolls
 d - a scroll of fear {unknown}
 e - 3 scrolls of amnesia
 f - a scroll of silence {unknown}
 j - 3 scrolls of blinking {unknown}
 l - a scroll of acquirement {unknown}
 n - 5 scrolls of identify {unknown}
 o - a scroll of torment {unknown}
 q - a scroll of enchant weapon {unknown}
 v - 3 scrolls of enchant armour
 C - a scroll of fog {unknown}
 D - 2 scrolls of teleportation {unknown}
Potions
 a - a potion of attraction {unknown}
 b - a potion of magic
 g - a potion of brilliance {unknown}
 h - 5 potions of curing {unknown}
 k - a potion of mutation {unknown}
 r - a potion of might {unknown}
 u - 2 potions of cancellation {unknown}
 F - a potion of heal wounds {unknown}
 H - a potion of lignification {unknown}


   Skills:
 + Level 7.6 Fighting
 + Level 7.3 Dodging
 - Level 2.0 Stealth
 + Level 7.4 Spellcasting
 + Level 9.6 Necromancy


You had 8 spell levels left.
You knew the following spells:

 Your Spells              Type           Power      Damage    Failure   Level
a - Necrotise             Necr           100%       1d9       1%          1
b - Vampiric Draining     Necr           43%        2d9       1%          3
c - Animate Dead          Necr           43%        N/A       4%          4
d - Curse of Agony        Necr           43%        N/A       12%         5
e - Sublimation of Blood  Necr           43%        N/A       1%          2

Your spell library contained the following spells:

 Spells                   Type           Power      Damage    Failure   Level
 Cigotuvi's Dreadful Rot  Necr/Alch/Air  38%        N/A       9%          2
 Magic Dart               Conj           28%        1d4       22%         1
 Searing Ray              Conj           14%        2d5       34%         2
 Inner Flame              Hex/Fire       7%         N/A       56%         3
 Fulminant Prism          Conj/Alch      3%         3d5       92%         4
 Irradiate                Conj/Alch      3%         3d12      99%         5
 Ignition                 Fire           3%         3d4       100%        8


Dungeon Overview and Level Annotations

Branches:
Dungeon (9/15)             Temple (1/1) D:4          Bailey (1/1)
   Lair: D:8-11         Orc: D:9-12

Altars:
Ashenzari
Cheibriados
Dithmenos
Fedhas
Gozag
Kikubaaqudgha
Makhleb
Nemelex Xobeh
Qazlal
Ru
Sif Muna
Trog
Uskayaw
Vehumet
Wu Jian
Xom
Yredelemnul

Shops:
D:4 (   D:8 :

Annotations:
D:3 3 runed translucent doors, Tripb85's ghost, weakling KoHs


Innate Abilities, Weirdness & Mutations

You have hoof-like feet.
You are partially covered in sharp spines.
You have a small tail.
Your touch may inflict irresistible damage on your foes.


Message History

* * * LOW HITPOINT WARNING * * *
Casting: Vampiric Draining (safe; 1% risk of failure)
Confirm with . or Enter, or press ? or * to list all spells.
Aiming: Vampiric Draining (safe; 1% risk of failure)
Press: ? - help, Shift-Dir - straight line, f/p - orc warrior
Aim: an orc warrior, wielding a +0 spear and wearing a +0 ring mail (severely wounded)
You draw life force from the orc warrior!
You kill the orc warrior!
Kikubaaqudgha accepts your kill.
You feel life coursing into your body.
The centaur shouts!
The orc warrior barely misses you.
The centaur hits you from afar with a +0 trident.
* * * LOW HITPOINT WARNING * * *
Casting: Vampiric Draining (safe; 1% risk of failure)
Confirm with . or Enter, or press ? or * to list all spells.
You can't see any susceptible monsters within range! (Use Z to cast anyway.)
Casting: Vampiric Draining (safe; 1% risk of failure)
Confirm with . or Enter, or press ? or * to list all spells.
You can't see any susceptible monsters within range! (Use Z to cast anyway.)
Casting: Vampiric Draining (safe; 1% risk of failure)
Confirm with . or Enter, or press ? or * to list all spells.
You can't see any susceptible monsters within range! (Use Z to cast anyway.)
Casting: Vampiric Draining (safe; 1% risk of failure)
Confirm with . or Enter, or press ? or * to list all spells.
You can't see any susceptible monsters within range! (Use Z to cast anyway.)
The centaur misses you. The centaur barely misses you.
The orc warrior misses you. The centaur closely misses you. x2
Casting: Vampiric Draining (safe; 1% risk of failure)
Confirm with . or Enter, or press ? or * to list all spells.
Aiming: Vampiric Draining (safe; 1% risk of failure)
Press: ? - help, Shift-Dir - straight line, f - centaur
Aim: a centaur, wielding a +0 trident, wearing a +0 chain mail and quivering javelins (almost dead)
You draw life force from the centaur!
You kill the centaur!
Kikubaaqudgha accepts your kill.
You feel life coursing into your body.
The centaur throws a javelin.
The javelin pierces through you!
You die...
Kikubaaqudgha rasps: "You have failed me!
Welcome... death!"

≈.≈.............≈.≈≈≈≈#
.≈≈.⌠.........⌠.≈≈.≈≈≈#
)≈...).).........≈.≈≈≈#
≈≈.)..≈≈≈≈≈≈≈....≈≈.≈≈#
#..)≈≈≈~~~~~≈≈≈...≈.≈≈#
...≈≈≈~≈≈≈≈≈~~≈≈..≈.≈≈#
...≈≈≈~~?))≈≈≈~)).oc≈≈#
...≈≈≈)≈≈≈≈≈~~≈≈..≈.≈≈#
#..)≈≈≈~)~~~≈≈≈.@.≈.≈≈#
≈≈....≈≈≈≈≈≈≈...)≈≈.≈≈#
)≈............)..≈.≈≈≈#
.≈≈.⌠.........⌠.≈≈.≈≈≈#
≈.≈.............≈.≈≈≈≈#
≈.≈≈≈.........≈≈≈.≈≈≈≈#
≈≈..≈≈≈.....≈≈≈..≈≈≈≈≈#
≈≈≈≈..≈≈≈≈≈≈≈..≈≈≈≈≈≈≈#
≈≈≈≈≈≈.......≈≈≈≈≈≈≈≈##


You could see an orc warrior and a centaur.

Vanquished Creatures
  Pikel (D:6)
  Prince Ribbit (D:5)
  Grinder (D:4)
  Sigmund (D:4)
  Eustachio (D:6)
  A steam dragon (D:8)
  Duvessa (D:4)
  8 orc warriors (Bailey)
  A black bear (D:4)
  2 sky beasts
  2 ogres (D:6)
  16 centaurs
  A phantom (D:5)
  A kobold brigand (D:8)
  Blork the orc (D:5)
  3 bullfrogs
  A gnoll sergeant (D:7)
  A scorpion (D:6)
  3 wights (D:8)
  Dowan (D:4)
  5 killer bees (D:8)
  An electric eel (D:8)
  An orc priest (D:6)
  2 hounds (D:5)
  3 sleepcaps (D:4)
  6 iguanas
  An orc wizard (D:8)
  Robin (D:3)
  10 gnolls
  6 adders
  A shadow imp (D:6)
  A white imp (D:5)
  4 ufetubi
  2 dart slugs
  2 ribbon worms
  32 orcs
  8 endoplasms
  A giant cockroach (D:2)
  16 goblins
  15 hobgoblins
  8 jackals
  7 quokkas
  8 ball pythons
  2 bats
  3 frilled lizards
  13 kobolds
  2 rats
209 creatures vanquished.

Vanquished Creatures (collateral kills)
  2 orcs (Bailey)
  A hobgoblin (D:1)
3 creatures vanquished.

Vanquished Creatures (others)
  3 orc zombies (Bailey)
3 creatures vanquished.

Grand Total: 215 creatures vanquished

Notes
Turn   | Place    | Note
-------+----------+-------------------------------------------
     0 | D:1      | PaiMei the Demonspawn Necromancer began the quest for the
                  | Orb.
     0 | D:1      | Reached XP level 1. HP: 13/13 MP: 3/3
     0 | D:1      | Noticed a vine stalker
     3 | D:1      | Noticed a draconian
     3 | D:1      | Noticed a spriggan
     5 | D:1      | Noticed an armataur
     6 | D:1      | Noticed a felid
     7 | D:1      | Noticed a demigod
     8 | D:1      | Noticed a barachi
     9 | D:1      | Noticed a draconian
    11 | D:1      | Noticed a vine stalker
    13 | D:1      | Noticed a vampire
    15 | D:1      | Noticed a human
    17 | D:1      | Noticed an elf
    17 | D:1      | Noticed an elf
    17 | D:1      | Noticed a djinni
    20 | D:1      | Noticed a tengu
    20 | D:1      | Noticed a demigod
    22 | D:1      | Noticed a ghoul
   389 | D:1      | Gained mutation: You are partially covered in sharp spines.
                  | [demonic ancestry]
   389 | D:1      | Reached XP level 2. HP: 19/19 MP: 3/5
   495 | D:1      | You fall into a shaft and drop 1 floor!
   703 | D:2      | Discovered your monstrous ancestry.
   703 | D:2      | Gained mutation: Your touch may inflict minor irresistible
                  | damage on your foes. [demonic ancestry]
   703 | D:2      | Reached XP level 3. HP: 25/25 MP: 3/6
   707 | D:2      | Learned a level 3 spell: Vampiric Draining
  1250 | D:2      | Reached skill level 1 in Fighting
  1601 | D:3      | Noticed Tripb85's ghost (weakling KoHs)
  1671 | D:3      | Gained mutation: You have large cloven feet. [demonic
                  | ancestry]
  1671 | D:3      | Reached XP level 4. HP: 32/32 MP: 3/7
  1709 | D:3      | Found a runed translucent gate.
  1709 | D:3      | Found a runed translucent gate.
  1709 | D:3      | Found a runed translucent gate.
  1748 | D:3      | Reached skill level 5 in Necromancy
  2745 | D:4      | Noticed Robin
  2750 | D:3      | Killed Robin
  2751 | D:3      | Reached XP level 5. HP: 34/38 MP: 8/9
  2886 | D:4      | Noticed Dowan
  2889 | D:4      | Noticed Duvessa
  3025 | D:4      | Noticed Grinder
  3026 | D:4      | Noticed a black bear
  3190 | D:4      | Killed a black bear
  3191 | D:4      | Gained mutation: Your touch may inflict irresistible damage
                  | on your foes. [demonic ancestry]
  3191 | D:4      | Reached XP level 6. HP: 39/46 MP: 2/11
  3459 | D:4      | Noticed Sigmund
  3518 | D:4      | Killed Sigmund
  3519 | D:4      | Reached skill level 6 in Necromancy
  3519 | D:4      | Gained mutation: You have hoof-like feet. [demonic
                  | ancestry]
  3519 | D:4      | Reached XP level 7. HP: 51/52 MP: 5/12
  3725 | D:4      | Paralysed by Grinder for 2 turns
  3989 | D:4      | Found a staircase to the Ecumenical Temple.
  3999 | Temple   | Entered the Ecumenical Temple
  4004 | Temple   | Became a worshipper of Kikubaaqudgha
  4044 | D:4      | Killed Grinder
  4105 | D:4      | Killed Duvessa
  4255 | D:4      | Killed Dowan
  4437 | D:4      | Found Fytzout's Antique Weapon Boutique.
  4486 | D:5      | Entered Level 5 of the Dungeon
  4598 | D:5      | Noticed Blork the orc
  4604 | D:5      | Killed Blork the orc
  4605 | D:5      | Reached XP level 8. HP: 50/60 MP: 7/15
  4744 | D:5      | Noticed Prince Ribbit
  4880 | D:5      | Killed Prince Ribbit
  4881 | D:5      | Reached skill level 5 in Spellcasting
  4881 | D:5      | Reached skill level 7 in Necromancy
  5064 | D:5      | Reached * piety under Kikubaaqudgha
  5064 | D:5      | Received a gift from Kikubaaqudgha
  5065 | D:5      | Reached skill level 5 in Dodging
  5329 | D:5      | Reached skill level 5 in Fighting
  5374 | D:6      | Learned a level 4 spell: Animate Dead
  5380 | D:6      | Learned a level 5 spell: Curse of Agony
  5383 | D:6      | Learned a level 2 spell: Sublimation of Blood
  5752 | D:6      | Noticed Eustachio
  5757 | D:6      | Reached XP level 9. HP: 68/68 MP: 17/17
  5767 | D:6      | Killed Eustachio
  5840 | D:6      | Reached skill level 8 in Necromancy
  5902 | D:6      | Noticed Pikel
  5919 | D:6      | Killed Pikel
  7983 | D:8      | Reached skill level 9 in Necromancy
  8163 | D:8      | Found Veicyjal's Book Boutique.
  8765 | D:8      | Reached ** piety under Kikubaaqudgha
  8766 | D:8      | Gained mutation: You have a small tail. [demonic ancestry]
  8766 | D:8      | Reached XP level 10. HP: 70/79 MP: 16/20
  9134 | D:9      | Found a flagged portal.
  9146 | Bailey   | Entered a bailey
  9962 | Bailey   | HP: 1/79 [orc warrior/+0 spear (7)]
  9968 | Bailey   | Hit by a javelin thrown by a centaur

Illustrated notes

Levels and vault maps discovered:
D:1:      shiori_arrival_whats_in_store_for_you, layout_basic, serial_rivers,
          chequers_serial_rivers_micro_c, chequers_serial_rivers_marsh,
          chequers_serial_rivers_small_3, chequers_serial_rivers_marsh,
          chequers_serial_rivers_micro_d
D:2:      wad_woods_tower, layout_basic
D:3:      minmay_octagon_keep, layout_basic, gammafunk_ghost_icy
D:4:      layout_rooms, minmay_temple_entry_waves, serial_shops, shop,
          uniq_grinder, uniq_robin, uniq_duvessa, uniq_sigmund
D:5:      layout_basic, uniq_blork_the_orc, uniq_prince_ribbit1
D:6:      layout_rooms, uniq_pikel, uniq_eustachio
D:7:      layout_basic
D:8:      layout_basic, serial_shops, shop,
          serial_library_hellmonk_reading_circle,
          hangedman_abyss_or_decor_stagger, minmay_manual_mares
D:9:      layout_long_grid, mainiacjoe_overflow_concentric_impassable,
          erik_orc_1, enter_bailey_3, nicolae_have_a_lightning_rod
Temple:   hellmonk_temple_of_storms
Bailey:   bailey_polearm_flooded_kennysheep, bailey

Skill      XL: |  1  2  3  4  5  6  7  8  9 10 |
---------------+-------------------------------+-----
Stealth        | 2 |  2.0
Dodging        | 2 3 4 5 6 7 |  7.3
Fighting       | 1 2 3 4 5 7 |  7.6
Necromancy     | 5 6 7 9 |  9.6
Spellcasting   | 3 4 5 6 7 |  7.4

Action                     |  1- 3 |  4- 6 |  7- 9 | 10-12 || total
---------------------------+-------+-------+-------+-------++-------
  Melee: Unarmed           |     5 |       |       |       ||     5
         Spear             |     1 |     8 |       |       ||     9
         Touch             |     1 |     4 |     4 |       ||     9
         Whip              |       |    16 |   114 |    16 ||   146
         Tailslap          |       |       |       |     3 ||     3
   Cast: Necrotise         |    55 |    67 |    69 |    59 ||   250
         Vampiric Draining |       |    18 |    58 |    21 ||    97
         Animate Dead      |       |       |       |     2 ||     2
    Use: Scroll            |       |       |       |     1 ||     1
   Stab: Sleeping          |       |       |     1 |       ||     1
 Armour: Robe              |     7 |    35 |    10 |       ||    52
         Leather armour    |       |       |   115 |    67 ||   182
  Dodge: Dodged            |    10 |    35 |   129 |    91 ||   265
  Block: Buckler           |       |       |    28 |    17 ||    45
